 Dungeon Crawl Stone Soup version 0.27-a0-920-gb2bd10914a (webtiles) character file.

Game seed: 1217012539990188208

355055 dolemite99 the Tortoise (level 22, 0/175 (203) HPs)
             Began as a Hill Orc Fighter on Apr 9, 2021.
             Was the Champion of Ru.
             Slain by a faun
             ... wielding a +2 spear of venom
              (4 damage)
             ... on level 4 of the Shoals on Apr 10, 2021.
             The game lasted 01:24:56 (58587 turns).

dolemite99 the Tortoise (Hill Orc Fighter)         Turns: 58587, Time: 01:24:57

HP:   0/175 (203)   AC: 28    Str: 42    XL:     22   Next: 64%
MP:   0/22          EV:  9    Int: 18    God:    Ru [******]
Gold: 1436          SH: 17    Dex: 10    Spells: 21/21 levels left

rFire    + . .     SeeInvis .   a - +4 broad axe (vorpal)
rCold    + + +     Faith    .   Z - +1 kite shield {AC+3}
rNeg     . . .     Spirit   +   z - +0 plate armour {rC+}
rPois    .         Reflect  .   q - +1 hat {Int+3}
rElec    .         Harm     .   j - +1 cloak
rCorr    .         Rampage  .   i - +2 pair of gloves {archery}
Will     +....                  O - +1 pair of boots
Stlth    ..........             t - amulet of Wuetuy {Spirit Str+5}
HPRegen  0.39/turn              y - ring of Yngison {rF+ rC++ Str+6 Int+3, =R}
MPRegen  0.18/turn              u - +6 ring of strength

@: exhausted, about to teleport, mesmerised, heavily drained, very slow
A: no stealth, inability to train dodging, reduced AC 1, unskilled 1,
inexperienced 1, iridescent scales 1
}: 1/15 runes: gossamer
a: Renounce Religion, Draw Out Power, Power Leap, Apocalypse


You were on level 4 of the Shoals.
You worshipped Ru.
Ru was exalted by your worship.
You visited 6 branches of the dungeon, and saw 35 of its levels.
You also visited: Sewer and Desolation.

You collected 4077 gold pieces.
You spent 2641 gold pieces at shops.

Inventory:

Hand Weapons
 a - a +4 vorpal broad axe (weapon)
 b - a +8 fustibalus of flaming
 w - the +7 dagger "Dragon's Undoing" {protect, rElec rPois rN+}
   (You found it on level 7 of the Dungeon)

   It grants its wielder temporary protection when it strikes (+7 to AC).
   It insulates you from electricity.
   It protects you from poison.
   It protects you from negative energy.
 L - a +2 morningstar of protection
 V - a +1 broad axe of flaming
Missiles
 f - 104 sling bullets
 v - 816 stones (quivered)
Armour
 i - a +2 pair of gloves of archery (worn)
 j - a +1 cloak (worn)
 n - a +4 plate armour of poison resistance
 q - a +1 hat of intelligence (worn)
 z - a +0 plate armour of cold resistance (worn)
 O - a +1 pair of boots (worn)
 Z - a +1 kite shield of protection (worn)
Jewellery
 g - the ring of Dawn {rC+ Str+4}
   (You found it in the Desolation of Salt)

   [ring of protection from cold]

   It affects your strength (+4).
   It protects you from cold.
 l - the ring "Piphe" {rElec rPois Will+ Int-3}
   (You bought it in a shop on level 2 of the Orcish Mines)

   [ring of willpower]

   It affects your intelligence (-3).
   It insulates you from electricity.
   It protects you from poison.
   It increases your willpower.
 t - the amulet of Wuetuy (around neck) {Spirit Str+5}
   (You found it in the Desolation of Salt)

   [amulet of guardian spirit]

   It causes incoming damage to be divided between your reserves of health and
   magic.
   It affects your strength (+5).
 u - a +6 ring of strength (right hand)
 x - a ring of protection from fire
 y - the ring of Yngison (left hand) {rF+ rC++ Str+6 Int+3, =R}
   (You took it off a tengu reaver on level 3 of the Vaults)

   [ring of strength]

   It affects your strength (+6).
   It affects your intelligence (+3).
   It protects you from fire.
   It greatly protects you from cold.
 A - the ring of Peosch {Ice SInv}
   (You found it in the Desolation of Salt)

   [ring of ice]

   It enhances your ice magic.
   It makes you vulnerable to fire.
   It protects you from cold.
   It lets you see invisible.
Wands
 k - a wand of flame (89)
 r - a wand of acid (4)
 H - a wand of paralysis (12)
 S - a wand of digging (12)
 U - a wand of iceblast (23)
 Y - a wand of charming (8)
Scrolls
 c - 10 scrolls of identify {@r1}
 d - 9 scrolls of teleportation
 D - 5 scrolls of blinking
 K - 3 scrolls of enchant armour
Potions
 h - 3 potions of attraction
 m - 5 potions of brilliance
 o - 11 potions of ambrosia
 p - 9 potions of magic
 s - 8 potions of might
 C - 5 potions of haste
 E - 4 potions of flight
 J - 15 potions of curing
 P - 2 potions of berserk rage
 Q - 2 potions of lignification
 T - 4 potions of cancellation
 W - 3 potions of heal wounds
 X - a potion of resistance
Miscellaneous
 G - a lightning rod (4/4)
 M - a tin of tremorstones (inert)
 N - a condenser vane


   Skills:
 - Level 18.4 Fighting
 - Level 18.0 Axes
 - Level 12.3 Slings
 - Level 18.6 Armour
 + Level 16.7 Shields
 - Level 14.0 Evocations


You had 21 spell levels left.
You didn't know any spells.
Your spell library contained the following spells:

 Spells                   Type           Power      Damage    Failure   Level
 Animate Skeleton         Necr           0%         N/A       54%         1
 Beastly Appendage        Tmut           0%         N/A       54%         1
 Foxfire                  Conj/Fire      0%         2x1d4     54%         1
 Magic Dart               Conj           0%         1d3       54%         1
 Pain                     Necr           0%         1d4       54%         1
 Shock                    Conj/Air       0%         1d3       54%         1
 Sting                    Tmut/Pois      0%         1d3       54%         1
 Blink                    Tloc           N/A        N/A       67%         2
 Call Imp                 Summ           0%         N/A       67%         2
 Poisonous Vapours        Pois/Air       0%         N/A       67%         2
 Searing Ray              Conj           0%         3d3       67%         2
 Slow                     Hex            0%         N/A       67%         2
 Swiftness                Air            0%         N/A       67%         2
 Wereblood                Tmut           0%         N/A       67%         2
 Conjure Flame            Conj/Fire      0%         6-21      88%         3
 Dazzling Flash           Conj/Hex       0%         N/A       88%         3
 Gell's Gravitas          Tloc           0%         N/A       88%         3
 Ignite Poison            Fire/Tmut/Pois 0%         N/A       88%         3
 Mephitic Cloud           Conj/Pois/Air  0%         N/A       88%         3
 Spider Form              Tmut/Pois      0%         N/A       88%         3
 Static Discharge         Conj/Air       0%         N/A       88%         3
 Teleport Other           Tloc           0%         N/A       88%         3
 Vampiric Draining        Necr           0%         2d6       88%         3
 Airstrike                Air            0%         N/A       99%         4
 Animate Armour           Summ/Erth      0%         N/A       99%         4
 Animate Dead             Necr           0%         N/A       99%         4
 Cause Fear               Hex            0%         N/A       99%         4
 Fulminant Prism          Conj/Hex       0%         3d6       99%         4
 Ice Form                 Ice/Tmut       0%         N/A       99%         4
 Iskenderun's Mystic Bla  Conj/Tloc      0%         2d3       99%         4
 Leda's Liquefaction      Hex/Erth       0%         N/A       99%         4
 Olgreb's Toxic Radiance  Pois           0%         N/A       99%         4
 Summon Lightning Spire   Summ/Air       0%         N/A       99%         4
 Agony                    Necr           0%         N/A       100%        5
 Bolt of Magma            Conj/Fire/Erth 0%         4d4       100%        5
 Hydra Form               Tmut           0%         N/A       100%        5
 Irradiate                Conj/Tmut      0%         3d13      100%        5
 Lightning Bolt           Conj/Air       0%         1d11      100%        5
 Manifold Assault         Tloc           0%         N/A       100%        5
 Silence                  Hex/Air        0%         N/A       100%        5
 Summon Forest            Summ/Tloc      0%         N/A       100%        5
 Blade Hands              Tmut           0%         N/A       100%        6
 Conjure Ball Lightning   Conj/Air       0%         3x3d6     100%        6
 Iron Shot                Conj/Erth      0%         9d1       100%        6
 Statue Form              Tmut/Erth      0%         N/A       100%        6
 Dragon Form              Tmut           0%         N/A       100%        7
 Disjunction              Tloc           0%         N/A       100%        8
 Dragon's Call            Summ           0%         N/A       100%        9
 Shatter                  Erth           0%         3d5*      100%        9
 Tornado                  Air            0%         N/A       100%        9


Dungeon Overview and Level Annotations

Branches:
Dungeon (15/15)            Temple (0/1) D:7            Lair (6/6) D:9
 Shoals (4/4) Lair:2       Spider (4/4) Lair:3        Slime (0/5) Lair:5
    Orc (2/2) D:12            Elf (0/3) Orc:2        Vaults (4/5) D:14
  Crypt (0/3) Vaults:2     Depths (0/5) D:15          Sewer (visited)
Desolation (visited)

Altars:
Ashenzari
Cheibriados
Dithmenos
Hepliaklqana
Okawaru
Ru
Uskayaw
Vehumet
Xom
Beogh

Shops:
D:1 *   D:4 [   D:5 *   D:8 (   D:14 !   Orc:1 [   Orc:2 =[(*   Shoals:3 [
Vaults:3 (

Annotations:
D:4 1 runed translucent door, xnavy's ghost, amateur DjWz
Lair:4 exclusion: oklob plant
Lair:5 exclusion: 2 oklob plants
Shoals:2 1 runed translucent door, Omopnau's ghost, adept DrAr
Shoals:4 Louise
Vaults:4 3 runed translucent doors, Sibahig's ghost, veteran HOMo


Innate Abilities, Weirdness & Mutations

You cannot be stealthy.
You cannot train Dodging skill.
You take slightly more damage. (AC -5)
You are somewhat unskilled. (-1 Apt)
You are somewhat inexperienced. (-2 XL)
You are partially covered in iridescent scales. (AC +2)


Message History

The merfolk javelineer hits your harpy with a +0 spear!
You block the merfolk's attack.
The water nymph points at you and mumbles some strange words.
The water swirls and strikes you!!
* * * LOW HITPOINT WARNING * * *
The faun unwields a +0 hunting sling of freezing.
The faun wields a +0 quarterstaff.
The faun hits your harpy with a +0 quarterstaff!!
Your harpy dies!
Your harpy's corpse dissolves into shadows!
The snapping turtle bites you but does no damage. x2
The merfolk siren chants its luring song.
The wind drake begins to attack, but is stunned by your conviction!
You block the water elemental's attack. The faun completely misses you.
The faun begins to cast a spell, but is stunned by your conviction!
You redirect the merfolk aquamancer's attack!
The merfolk avatar begins to cast a spell, but is stunned by your conviction!
The merfolk hits you from afar with a +0 trident!
* * * LOW HITPOINT WARNING * * *
Your manticore flicks its tail.
The volley of spikes misses the merfolk.
The volley of spikes hits the merfolk aquamancer!!
You feel much better.
The water nymph points at you and mumbles some strange words.
The water swirls and strikes you!!
* * * LOW HITPOINT WARNING * * *
You focus your inner power and blind the water nymph in retribution!
The merfolk barely misses you.
The merfolk siren hits you but does no damage.
The water nymph gestures at you while chanting.
The water swirls and strikes you!
* * * LOW HITPOINT WARNING * * *
The wind drake flaps its wings at you. The air twists around and strikes you.
The snapping turtle closely misses you.
The merfolk hits you but does no damage.
You block the snapping turtle's attack.
The merfolk siren begins to cast a spell, but is stunned by your conviction!
You block the water elemental's attack.
The faun hits you from afar with a +2 spear of venom.
You die...

*≈≈≈≈≈≈,,* **≈≈** **≈≈≈≈≈**,,,,,,
≈≈≈≈≈≈≈,****≈≈,≈****≈,≈≈≈≈,,,,,,,
≈≈≈≈≈≈≈,* *≈≈,,,≈**≈,,≈≈≈,,,,,,,,
≈≈≈≈≈≈≈,* *≈,,,*,≈≈,*,≈..≈**,,,,,
,≈≈≈≈≈≈,****,,***,,**≈≈..≈≈,,,,,,
≈≈≈≈.≈≈..* **** **###.≈..≈≈≈,,,,,
,≈≈......#* #####≈...≈≈P≈≈≈≈**,,
,,,,.≈@≈..####≈≈mm≈≈≈≈≈≈≈≈≈≈≈≈≈**
,,,**#m≈..≈@m.$m@mm≈≈≈≈≈.≈≈≈≈≈≈≈,
,,**##≈(.m.mSctmkE###.≈..≈,≈≈≈≈≈,
***##..m.....mmSct..PP≈≈≈≈≈≈≈≈≈,,
***#...(.))HmmcSc...≈≈c≈≈≈≈≈≈≈,,,
≈≈≈.......)mc§§....≈≈H≈≈≈≈≈≈≈≈,,,
≈≈≈.≈...§.≈≈§§§.mc.≈≈m≈≈≈≈≈≈≈≈,,,
≈≈≈≈≈≈.§..≈)§§§§....≈.≈≈≈≈≈≈≈,,**
≈≈≈≈≈......§S§§§...).≈≈≈≈≈≈≈,,,*
≈*≈≈≈#....§§§§§.......≈≈≈≈≈,,,,**


You could see Louise, 3 merfolk avatars, 2 merfolk javelineers, a satyr, 3 sea
snakes, 3 merfolk aquamancers, 2 snapping turtles, a wind drake (repels
missiles), 4 merfolk, 5 fauns, a manticore, a water elemental, 2 merfolk sirens,
2 water nymphs and a friendly manticore (summoned).

Vanquished Creatures
  Nikola (Spider:4)
  Arachne (Spider:2)
  A bone dragon (Vaults:2)
  Rupert (D:13)
  Jorgrun (Spider:1)
  A lich (Vaults:3)
  Asterion (Spider:4)
  Gastronok (Lair:1)
  A sphinx (Vaults:3)
  A storm dragon (Vaults:3)
  A tengu reaver (Vaults:3)
  Ilsuiw (Shoals:4)
  3 ghost moths
  Donald (Spider:3)
  A frost giant (shapeshifter) (Vaults:3)
  An iron dragon (Vaults:3)
  2 imperial myrmidons (Desolation)
  A deep elf sorcerer (Vaults:1)
  10 vault wardens
  3 frost giants
  3 orc warlords
  7 emperor scorpions
  6 war gargoyles
  Nessos (D:12)
  11 very ugly things
  16 ironbound preservers
  A vampire knight (Vaults:3)
  A dire elephant (Vaults:3)
  A deep elf annihilator (Vaults:3)
  10 entropy weavers
  4 halazid warlocks (Desolation)
  Azrael (Spider:1)
  2 merfolk javelineers (Shoals:4)
  A fire dragon (D:15)
  Snorg (Orc:1)
  3 ettins
  Josephine (D:15)
  6 crystal guardians
  4 merfolk impalers
  3 servants of whispers (Desolation)
  A deep elf high priest (Vaults:3)
  26 yaktaur captains
  4 ironbound thunderhulks
  7 ragged hierophants (Desolation)
  12 peacekeepers
  Fannar (Lair:2)
  4 great orbs of eyes
  4 ogre magi
  5 hydras
  4 boulder beetles
  An alligator snapping turtle (Shoals:1)
  22 vault guards
  12 centaur warriors
  9 ironbound frosthearts
  6 catoblepae
  2 merfolk aquamancers
  12 two-headed ogres
  4 merfolk avatars
  A death knight (D:13)
  8 death yaks
  4 satyrs
  A vampire mage (Vaults:3)
  6 ironbound beastmasters
  A deep troll earth mage (Vaults:3)
  Urug (D:13)
  An orc high priest (Orc:2)
  A shock serpent (shapeshifter) (Vaults:3)
  9 skeletal warriors
  Sonja (Lair:6)
  2 glowing orange brains
  44 deep trolls
  3 sea snakes
  6 orc knights
  7 wizards
  A deep elf pyromancer (D:13)
  11 lindwurms
  22 ironbound convokers
  3 phantasmal warriors
  31 harpies
  24 wolf spiders
  7 orc sorcerers
  13 orb spiders
  26 fauns
  8 manticores
  A shining eye (shapeshifter) (Vaults:1)
  29 ugly things
  4 cyclopes
  6 guardian serpents (Desolation)
  13 elephants (Lair:5)
  5 water nymphs
  A moth of wrath (shapeshifter) (D:15)
  4 black mambas
  12 merfolk sirens
  21 vault sentinels
  A molten gargoyle (Desolation)
  5 moths of wrath
  A gargoyle (D:11)
  16 cane toads
  5 torpor snails
  An unseen horror (D:11)
  2 rime drakes
  Psyche (D:12)
  3 freezing wraiths
  12 komodo dragons
  13 demonic crawlers
  44 yaktaurs
  20 merfolk
  3 meliai (Spider:2)
  A queen bee (Spider:2)
  3 polar bears
  8 trolls
  4 harpy zombies (Shoals:1)
  23 jumping spiders
  3 snapping turtles
  3 wind drakes
  60 saltlings (Desolation)
  5 hornets
  Prince Ribbit (D:5)
  6 dream sheep
  24 blink frogs
  2 wind drakes (shapeshifter)
  17 slime creatures
  A dream sheep (shapeshifter) (Vaults:4)
  3 shadows (D:12)
  6 water elementals
  6 wyverns
  71 redbacks
  8 wraiths
  70 yaks
  A human (D:8)
  21 tarantellas
  5 fire elementals (Spider:1)
  3 hogs (D:8)
  10 basilisks
  2 steam dragons
  5 vampire mosquitoes
  A warg (shapeshifter) (D:14)
  3 wargs
  2 acid dragons
  3 hell hounds (Spider:1)
  14 water moccasins
  An ice beast (D:6)
  2 black bears
  27 orc warriors
  A sky beast (D:5)
  8 ogres
  15 wolves
  17 centaurs
  A phantom (D:6)
  10 bullfrogs
  6 earth elementals (D:14)
  2 gnoll sergeants
  A water moccasin zombie (D:5)
  A wyvern zombie (D:7)
  5 scorpions
  A water moccasin skeleton (D:4)
  30 killer bees
  11 electric eels
  7 wights
  A howler monkey (D:10)
  6 centaur zombies
  3 hounds
  2 jellies
  2 centaur skeletons (D:6)
  11 orc priests
  2 iguanas
  19 orc wizards
  7 hell rats (Lair:2)
  A killer bee zombie (D:5)
  7 ogre zombies (D:12)
  A hound skeleton (D:4)
  A howler monkey zombie (D:7)
  5 gnolls
  14 adders
  5 river rats
  3 shadow imps
  A white imp (D:7)
  3 worms
  4 dart slugs
  65 orcs
  17 ball pythons
  7 bats
  2 bat zombies (Shoals:1)
  7 endoplasms
  6 giant cockroaches
  8 goblins
  13 hobgoblins
  2 jackals (D:3)
  10 kobolds
  2 quokkas
  7 frilled lizards
  2 goblin skeletons (D:12)
  2 goblin zombies (D:12)
  A hobgoblin zombie (D:12)
  An orc skeleton (D:12)
  17 orc zombies (D:12)
  A quokka skeleton (D:4)
  31 rats
1558 creatures vanquished.

Vanquished Creatures (collateral kills)
  2 merfolk aquamancers (Shoals:4)
  A snapping turtle (Shoals:4)
  A ball python (Sewer)
4 creatures vanquished.

Vanquished Creatures (others)
  A hydra (Lair:3)
  An ice dragon (D:15)
  A two-headed ogre (D:14)
  A centaur warrior (D:15)
  3 deep trolls
  A glowing orange brain (Vaults:1)
  An ironbound convoker (Vaults:3)
  3 harpies
  An orb spider (Spider:4)
  A wolf spider (Spider:4)
  A wizard (Vaults:3)
  An ugly thing (Vaults:3)
  A guardian serpent (Desolation)
  A troll (D:5)
  2 jumping spiders
  A harpy zombie (Shoals:1)
  A dream sheep (Lair:4)
  A hog (D:8)
  A two-headed ogre zombie (D:12)
  An orc warrior (D:15)
  An orc (D:5)
  An orc zombie (D:12)
  32 fungi
  277 plants
336 creatures vanquished.

Grand Total: 1898 creatures vanquished

Notes
Turn   | Place    | Note
-------+----------+-------------------------------------------
     0 | D:1      | dolemite99 the Hill Orc Fighter began the quest for the
                  | Orb.
     0 | D:1      | Reached XP level 1. HP: 19/19 MP: 1/1
   193 | D:1      | Found a faded altar of an unknown god.
   202 | D:1      | Became a worshipper of Ru the Awakened
   233 | D:1      | Reached XP level 2. HP: 25/26 MP: 2/2
   233 | D:1      | Gained mutation: You are somewhat unskilled. (-1 Apt) [Ru
                  | sacrifice]
   233 | D:1      | Reached * piety under Ru
   233 | D:1      | Reached ** piety under Ru
   519 | D:1      | Found Ewnogag's Assorted Antiques.
   527 | D:1      | Bought a scroll labelled WANLUSS PIPEC for 17 gold pieces
   641 | D:2      | Reached XP level 3. HP: 31/31 MP: 3/3
   775 | D:1      | Bought a golden potion for 15 gold pieces
  1714 | D:1      | Bought a scroll labelled WANLUSS PIPEC for 17 gold pieces
  1784 | D:2      | Reached skill level 5 in Axes
  1784 | D:2      | Reached XP level 4. HP: 35/38 MP: 4/4
  3035 | D:3      | Reached XP level 5. HP: 45/45 MP: 5/5
  3276 | D:3      | Gained mutation: You cannot be stealthy. [Ru sacrifice]
  3737 | D:4      | Noticed an ogre
  3749 | D:4      | Killed an ogre
  3750 | D:4      | Reached XP level 6. HP: 16/51 MP: 6/6
  4003 | D:5      | Entered Level 5 of the Dungeon
  4429 | D:1      | Bought an onyx ring for 85 gold pieces
  4964 | D:4      | Found Beropaaf's Armour Shop.
  5084 | D:4      | Found a runed translucent door.
  5098 | D:5      | Noticed a troll
  5103 | D:4      | Reached skill level 1 in Evocations
  5122 | D:4      | Noticed xnavy's ghost (amateur DjWz)
  5161 | D:5      | Noticed a black bear
  5165 | D:5      | Killed a black bear
  5166 | D:5      | Reached XP level 7. HP: 57/57 MP: 7/7
  5393 | D:5      | Killed a troll
  5402 | D:5      | Reached skill level 5 in Evocations
  5402 | D:5      | Reached XP level 8. HP: 37/63 MP: 8/8
  5631 | D:5      | Noticed Prince Ribbit
  5641 | D:5      | Killed Prince Ribbit
  6180 | D:5      | Gained mutation: You cannot train Dodging skill. [Ru
                  | sacrifice]
  6180 | D:5      | Reached *** piety under Ru
  6465 | D:5      | Found Ysiad's Mass Market.
  6728 | D:6      | Reached skill level 5 in Armour
  6790 | D:6      | Found a glowing drain.
  6798 | Sewer    | Entered a sewer
  7144 | Sewer    | Reached XP level 9. HP: 60/73 MP: 9/9
  7755 | D:6      | Reached skill level 10 in Axes
  8408 | D:7      | Gained mutation: You are somewhat inexperienced. (-2 XL)
                  | [Ru sacrifice]
  8408 | D:7      | Reached XP level 8. HP: 67/67 MP: 8/8
  8408 | D:7      | Reached XP level 7. HP: 60/60 MP: 7/7
  8408 | D:7      | Reached **** piety under Ru
  8408 | D:7      | Reached ***** piety under Ru
  8437 | D:7      | Noticed a wyvern
  8448 | D:7      | Killed a wyvern
  8449 | D:7      | Reached XP level 8. HP: 47/67 MP: 8/8
  8820 | D:7      | Identified the +7 dagger "Dragon's Undoing" {protect, rElec
                  | rPois rN+}
  9130 | D:7      | Found a staircase to the Ecumenical Temple.
  9303 | D:7      | Found a snail-covered altar of Cheibriados.
  9381 | D:7      | Identified the +1 leather armour "Xytihon" {rC+ Str+3}
  9422 | D:8      | Reached XP level 9. HP: 62/73 MP: 9/9
  9727 | D:8      | Found Fybbon's Weapon Shop.
  9755 | D:8      | Reached skill level 5 in Fighting
  9979 | D:8      | Reached XP level 10. HP: 82/82 MP: 10/10
 10339 | D:9      | Found a hazy altar of Hepliaklqana.
 10672 | D:9      | Gained mutation: You take slightly more damage. (AC -5) [Ru
                  | sacrifice]
 10672 | D:9      | Reached ****** piety under Ru
 10812 | D:9      | Found a staircase to the Lair.
 11448 | D:9      | Found a hide-covered altar of Uskayaw.
 11448 | D:9      | Found a broken altar of Ashenzari.
 11478 | D:10     | Entered Level 10 of the Dungeon
 11703 | D:1      | Bought a glowing fustibalus for 306 gold pieces
 11938 | D:10     | Reached skill level 1 in Slings
 11969 | D:10     | Found an iron altar of Okawaru.
 12059 | D:10     | Found a radiant altar of Vehumet.
 12733 | D:10     | Reached skill level 5 in Shields
 12733 | D:10     | Found a roughly hewn altar of Beogh.
 12851 | D:11     | Noticed a manticore
 12854 | D:11     | Noticed a gargoyle
 12855 | D:11     | Killed a manticore
 12861 | D:11     | Killed a gargoyle
 13013 | D:11     | Found a shadowy altar of Dithmenos.
 13220 | D:11     | Noticed a two-headed ogre
 13225 | D:11     | Killed a two-headed ogre
 13226 | D:11     | Reached XP level 11. HP: 56/89 MP: 11/11
 13762 | D:12     | Noticed a skeletal warrior
 13769 | D:12     | Noticed a skeletal warrior
 13770 | D:12     | Killed a skeletal warrior
 13770 | D:12     | Noticed a skeletal warrior
 13779 | D:12     | Killed a skeletal warrior
 13779 | D:12     | Killed a skeletal warrior
 13780 | D:12     | Reached skill level 5 in Slings
 14235 | D:12     | Found a staircase to the Orcish Mines.
 14279 | D:12     | Noticed a cyclops
 14297 | D:12     | Killed a cyclops
 14322 | D:12     | Noticed Nessos
 14326 | D:12     | Noticed a two-headed ogre
 14333 | D:12     | Killed a two-headed ogre
 14342 | D:12     | Killed Nessos
 14552 | D:12     | Noticed a red ugly thing
 14559 | D:12     | Killed a red ugly thing
 14560 | D:12     | Reached XP level 12. HP: 95/95 MP: 12/12
 14908 | D:12     | Noticed Psyche
 14910 | D:12     | Killed Psyche
 15298 | D:1      | Bought a pearl ring for 85 gold pieces
 15551 | Lair:1   | Entered Level 1 of the Lair of Beasts
 15838 | Lair:1   | Noticed Gastronok
 15870 | Lair:1   | Killed Gastronok
 15871 | Lair:1   | Reached skill level 10 in Shields
 17111 | Lair:2   | Found a staircase to the Shoals.
 17123 | Lair:2   | Reached XP level 13. HP: 102/102 MP: 13/13
 17293 | Lair:2   | Noticed Fannar
 17308 | Lair:2   | Killed Fannar
 17837 | Lair:2   | You fall into a shaft and drop 1 floor!
 18618 | Lair:3   | Found a hole to the Spider Nest.
 18718 | Lair:3   | Reached skill level 10 in Slings
 20885 | Lair:5   | Reached XP level 14. HP: 63/108 MP: 14/14
 21200 | Lair:5   | Found a staircase to the Slime Pits.
 21985 | Lair:6   | Entered Level 6 of the Lair of Beasts
 22067 | Lair:6   | Noticed Sonja
 22185 | Lair:6   | Killed Sonja
 23992 | Lair:6   | Reached XP level 15. HP: 85/115 MP: 15/15
 25020 | Orc:1    | Entered Level 1 of the Orcish Mines
 25050 | Orc:1    | Found Issiabot's Armour Boutique.
 25307 | Orc:1    | Found a flagged portal.
 25410 | Orc:1    | Noticed Snorg
 25418 | Orc:1    | Killed Snorg
 25577 | Orc:2    | Entered Level 2 of the Orcish Mines
 25594 | Orc:2    | Noticed an orc warlord
 25609 | Orc:1    | Killed an orc warlord
 26041 | Orc:2    | Reached skill level 15 in Axes
 26891 | Orc:2    | Found a staircase to the Elven Halls.
 26914 | Orc:2    | Found a roughly hewn altar of Beogh.
 27501 | Orc:2    | Found Nazeah's Antique Weapon Shop.
 27524 | Orc:2    | Found Hafial's General Store.
 27539 | Orc:2    | Found Sahaoj Dubry's Antique Armour Shop.
 27923 | Orc:2    | Found Vepneylo's Jewellery Shop.
 27930 | Orc:2    | Bought the ring "Piphe" {rElec rPois Will+ Int-3} for 590
                  | gold pieces
 28153 | D:4      | Bought a +4 plate armour of poison resistance for 658 gold
                  | pieces
 28452 | D:13     | Noticed Rupert
 28467 | D:13     | Killed Rupert
 29014 | D:13     | Noticed Urug
 29024 | D:13     | Killed Urug
 29591 | D:14     | Found Fave's Distillery.
 29596 | D:14     | Bought a potion of attraction for 51 gold pieces
 29596 | D:14     | Bought a potion of invisibility for 136 gold pieces
 29644 | D:14     | Found a gate to the Vaults.
 29760 | D:14     | Reached XP level 16. HP: 126/126 MP: 16/16
 30510 | D:15     | Entered Level 15 of the Dungeon
 30536 | D:15     | Noticed Josephine
 30926 | D:15     | Killed Josephine
 31823 | D:15     | Identified the +2 plate armour of Youthful Indiscretion
                  | {Dex+4}
 31866 | D:15     | Found a staircase to the Depths.
 31996 | D:14     | Bought a potion of resistance for 170 gold pieces
 31998 | D:14     | Bought a potion of flight for 51 gold pieces
 31998 | D:14     | Bought a potion of curing for 51 gold pieces
 32236 | Spider:1 | Entered Level 1 of the Spider Nest
 32295 | Spider:1 | Noticed Jorgrun
 32309 | Spider:1 | Killed Jorgrun
 32310 | Spider:1 | Reached skill level 10 in Armour
 32313 | Spider:1 | Identified the +8 battleaxe "Tetzealio" {venom, +Inv rN+
                  | MP+9}
 32400 | Spider:1 | Identified a scroll of acquirement
 32400 | Spider:1 | Acquired a +1 kite shield of protection
 32486 | Spider:1 | Noticed Azrael
 32493 | Spider:1 | Killed Azrael
 34453 | Spider:2 | Noticed Arachne
 34483 | Spider:2 | Killed Arachne
 35487 | Spider:3 | Reached XP level 17. HP: 116/117 MP: 17/17
 36800 | Spider:4 | Entered Level 4 of the Spider Nest
 36800 | Spider:4 | Noticed Asterion
 36805 | Spider:4 | Noticed Donald
 36808 | Spider:4 | Killed Asterion
 37088 | Spider:4 | Noticed Nikola
 37105 | Spider:3 | Killed Donald
 37381 | Spider:4 | Killed Nikola
 37743 | Spider:3 | Reached skill level 15 in Armour
 39149 | Spider:4 | Got a gossamer rune of Zot
 39232 | Spider:4 | Identified the +8 mace of Execution {drain, rF- rN+++ Str-2
                  | Dex+7}
 39389 | Shoals:1 | Entered Level 1 of the Shoals
 39610 | Shoals:1 | Reached XP level 18. HP: 96/117 MP: 10/18
 41104 | Shoals:2 | Found a runed translucent door.
 41105 | Shoals:2 | Found a shimmering altar of Xom.
 41105 | Shoals:2 | Noticed Omopnau's ghost (adept DrAr)
 41105 | Shoals:2 | Identified the +1 war axe of Circular Logic {chaos, Fragile
                  | rF+ rN+++}
 42233 | Shoals:3 | Found Vif Haokei's Armour Boutique.
 42739 | Vaults:1 | Entered Level 1 of the Vaults
 42839 | Vaults:1 | Reached skill level 10 in Fighting
 43283 | Vaults:1 | Reached XP level 19. HP: 143/145 MP: 19/19
 44043 | Vaults:1 | Paralysed by a great orb of eyes for 7 turns
 44571 | Vaults:1 | Gained mutation: You are partially covered in iridescent
                  | scales. (AC +2) [a shining eye]
 45882 | Vaults:2 | Reached skill level 15 in Fighting
 46116 | Vaults:2 | Found a ruined gateway.
 46126 | Desolati | Entered the Desolation of Salt
 46729 | Desolati | Reached XP level 20. HP: 140/168 MP: 20/20
 47041 | Desolati | Identified the ring of Elitism {Wiz rF- Str+5 Dex+2}
 47127 | Desolati | Identified the Almanac of Cankerous Dislocation
 47132 | Desolati | Identified the Volume of Unstable Displacement
 47651 | Desolati | Identified the ring of Jaudghi Kiab {Fire Drain Str+4}
 47680 | Desolati | Identified the ring of Dawn {rC+ Str+4}
 47997 | Desolati | Identified the amulet of Wuetuy {Spirit Str+5}
 47999 | Desolati | Identified the ring of Peosch {Ice SInv}
 48000 | Desolati | Identified the amulet of Heoss {Regen+ Dex+4 Slay-3}
 48002 | Desolati | Identified Sif Muna's Compendium of Contamination
 48650 | Orc:2    | Bought a wand of acid (8) for 312 gold pieces
 48650 | Orc:2    | Bought a scroll of enchant armour for 97 gold pieces
 48926 | Vaults:2 | Noticed a bone dragon
 48929 | Vaults:2 | Found a staircase to the Crypt.
 48942 | Vaults:2 | Killed a bone dragon
 49982 | Vaults:2 | Identified the +5 plate armour "Soiczin" {*Slow rCorr
                  | Int+4}
 50514 | Vaults:2 | Reached skill level 10 in Evocations
 51302 | Vaults:3 | Found Kumuyw's Antique Weapon Emporium.
 51526 | Vaults:3 | Reached XP level 21. HP: 139/175 MP: 6/21
 52694 | Vaults:3 | Identified the ring of Yngison {rF+ rC++ Str+6 Int+3}
 53144 | Vaults:3 | Identified the amulet "Ygaezoh" {Reflect Fly rF- rN+ SH+5}
 53805 | Vaults:3 | Upgraded the game from 0.27-a0-909-g0721f309d1 to
                  | 0.27-a0-920-gb2bd10914a
 55192 | Vaults:4 | Reached XP level 22. HP: 80/190 MP: 2/22
 55842 | Vaults:4 | Found a runed translucent gate.
 55843 | Vaults:4 | Found a runed translucent gate.
 55843 | Vaults:4 | Found a runed translucent gate.
 55844 | Vaults:4 | Noticed Sibahig's ghost (veteran HOMo)
 55910 | Vaults:4 | Reached skill level 15 in Shields
 57827 | Shoals:4 | Entered Level 4 of the Shoals
 57827 | Shoals:4 | Noticed Ilsuiw
 57855 | Shoals:4 | Killed Ilsuiw
 58094 | Shoals:4 | Noticed Louise
 58587 | Shoals:4 | HP: 4/175 [water nymph/the raging water (16)]
 58587 | Shoals:4 | Slain by a faun

Illustrated notes

Levels and vault maps discovered:
D:1:      lightli_arrival_maybe_door_vault, layout_rooms,
          basic_ecumenical_altar, serial_shops, shop
D:2:      kb_forest_paths, layout_basic, corner_web_ring
D:3:      minmay_evil_eye, layout_basic, minmay_puff
D:4:      corexii_shantytown, layout_cave_pools, gammafunk_ghost_grave,
          serial_shops, shop, feat_on_display
D:5:      layout_layer_cave, minmay_shop_mass, nicolae_sextant,
          minmay_misc_feat_four_crosses, uniq_prince_ribbit1
D:6:      layout_loops_corners, cheibrodos_sewer_entry_sluice,
          minmay_misc_feat_encased
D:7:      layout_loops_cross, cheibriados_altar_1,
          minmay_temple_entry_stoned_glass, minmay_checkerbox
D:8:      layout_basic, serial_shops, nicolae_shop_stone, grunt_livestock,
          grunt_decor_fettered, solitary_fountain
D:9:      layout_layer_cave, kennysheep_mini_moat,
          gammafunk_temple_overflow_wave, lair_entry_dummy
D:10:     layout_basic, nicolae_vehumet_radiance, okawaru_trees_2, special_room
          [special_room_orc]
D:11:     layout_loops_cross, nicolae_dithmenos_through_a_glass_darkly
D:12:     layout_irregular_city, zombieorc2_lemuel, serial_bayou_pond_b,
          uniq_nessos, uniq_psyche
D:13:     layout_rooms, kennysheep_generic_room_16, uniq_rupert, uniq_urug
D:14:     layout_rooms, david_vaults_2, serial_shops, shop,
          hangedman_cracks_in_the_wall
D:15:     grunt_enter_depths_hoard, layout_cave_pools, serial_park,
          serial_park_tiny_1, serial_park_gazebo [serial_park_minivault_5x5_6],
          serial_park_tiny_pond, uniq_josephine
Lair:1:   layout_cave_pods, uniq_gastronok
Lair:2:   layout_small_grid, minmay_shoals_entry_centaurs, uniq_fannar
Lair:3:   layout_long_grid, dummy_spider_entry
Lair:4:   layout_roguey
Lair:5:   layout_regular_city, minmay_slime_entry_oklob_enclosed
Lair:6:   evilmike_catoblepas_cave, layout_misc_corridors, serial_bayou,
          serial_bayou_lake_a, serial_bayou_lagoon_a, serial_bayou_shore_a,
          serial_bayou_pond_d, serial_bayou_lagoon_b, st_stairs_5, uniq_sonja
Shoals:1: layout_shoals, nicolae_shoals_undead_eyrie
Shoals:2: layout_shoals, ebering_ghost_xom
Shoals:3: layout_shoals, serial_shops, nicolae_shop_behind_doors
Shoals:4: shoals_end_grunt_garden, layout_shoals, shoals_ilsuiw_ice,
          nicolae_shoals_circle_sea_wall, nicolae_shoals_cliffside_cave,
          nicolae_shoals_dead_sea_scrolls, uniq_louise
Spider:1: layout_spider_delve, uniq_azrael, uniq_jorgrun
Spider:2: layout_spider_delve, special_room [special_room_bee], uniq_arachne
Spider:3: layout_chambers
Spider:4: grunt_spider_rune_circles, uniq_nikola, uniq_asterion, uniq_donald
Orc:1:    layout_caves, enter_bailey_3, serial_shops, nicolae_shop_waterfront,
          uniq_snorg
Orc:2:    grunt_orc_cross, layout_caves
Vaults:1: ontoclasm_vaults_ligature, v_misc_14, grunt_vaults_diagonal,
          ontoclasm_vaults_shout, vaults_room_pools, v_misc_5,
          vaults_room_ringed_pool, nicolae_vaults_what_the_h,
          ontoclasm_vaults_fault, hangedman_vaults_river_flow, v_alt_pattern_4,
          ontoclasm_vaults_chip, v_pattern_1, v_rooms_1, v_misc_19,
          nicolae_vaults_diagonal_hallway_6, layout_vaults_omnibox
Vaults:2: hangedman_vaults_hat, v_misc_26, st_eye, v_misc_17, v_rooms_2,
          hangedman_vaults_nails, v_rooms_3, vaults_room_corners,
          minmay_crypt_entry_nasty_monster, layout_vaults_omnigrid,
          portal_desolation_entry_nicolae_slug
Vaults:3: st_greater_box_3, nicolae_vaults_bisected_exclaves,
          vaults_room_corners, vaults_room_grunt_arrival_checkpoint,
          grunt_vaults_funnel, ontoclasm_vaults_loading_screen,
          ontoclasm_vaults_spin, vaults_dpeg_spiral, vaults_room_door_hall,
          ontoclasm_vaults_shuriken, ontoclasm_vaults_ring_large,
          vaults_dpeg_hooks, ontoclasm_vaults_ring_small,
          layout_vaults_maze_bifur, serial_shops, nicolae_shop_trees
Vaults:4: gammafunk_vaults_ghost_necromancy, grunt_vaults_trifunnel, st_lattice,
          nicolae_vaults_network_periphery, v_pattern_2, vaults_mumra_lcd,
          nicolae_vaults_network_quincunx
          [nicolae_vaults_network_quincunx_subvault,
          nicolae_vaults_network_quincunx_subvault,
          nicolae_vaults_network_quincunx_subvault,
          nicolae_vaults_network_quincunx_subvault,
          nicolae_vaults_network_quincunx_subvault], vaults_dpeg_encased_lava,
          vaults_room_pool, nicolae_vaults_specimen_jars,
          grunt_vaults_hallway_long, layout_vaults_omnicross,
          serial_hangedman_research

Skill      XL: |  1  2  3  4  5  6  7  8  9 10 11 12 13 14 15 16 17 18 19 20 21 22 |
---------------+-------------------------------------------------------------------+-----
Axes           | 3 4 5 6 7 8 13 11 14 17 18 | 18.0
Evocations     | 2 5 6 10 13 14 | 14.0
Fighting       | 4 5 6 7 11 15 17 18 | 18.4
Armour         | 5 6 7 8 13 16 18 | 18.6
Shields        | 6 9 11 13 14 16 | 16.7
Slings         | 4 6 9 10 12 | 12.3

Action                   |  1- 3 |  4- 6 |  7- 9 | 10-12 | 13-15 | 16-18 | 19-21 | 22-24 || total
-------------------------+-------+-------+-------+-------+-------+-------+-------+-------++-------
Melee: War axe           |    97 |   217 |   366 |   198 |   143 |       |       |       ||  1021
       Fustibalus        |       |       |       |       |     3 |       |       |       ||     3
       Broad axe         |       |       |       |       |    80 |   558 |   426 |    83 ||  1147
 Fire: Fustibalus        |       |       |       |   293 |   841 |   913 |   895 |   232 ||  3174
Throw: Stone             |       |     5 |    22 |     9 |       |    42 |    21 |     4 ||   103
       Dart              |       |       |       |       |     2 |       |       |       ||     2
Invok: Sacrifice Skill   |     1 |       |       |       |       |       |       |       ||     1
       Sacrifice Stealth |       |     1 |       |       |       |       |       |       ||     1
       Sacrifice Experie |       |       |     1 |       |       |       |       |       ||     1
       Sacrifice Nimblen |       |       |     1 |       |       |       |       |       ||     1
       Power Leap        |       |       |     1 |     5 |     8 |     6 |     1 |       ||    21
       Sacrifice Health  |       |       |       |     1 |       |       |       |       ||     1
       Apocalypse        |       |       |       |     1 |     2 |    13 |    11 |     2 ||    29
Evoke: Wand              |       |       |     6 |    15 |    23 |    11 |       |     4 ||    59
       Lightning rod     |       |       |       |       |    10 |     3 |       |       ||    13
       Condenser vane    |       |       |       |       |     2 |     5 |     6 |     1 ||    14
       Tin of tremorston |       |       |       |       |       |       |     2 |     2 ||     4
  Use: Scroll            |       |    11 |     5 |     7 |    10 |     8 |     5 |     7 ||    53
       Potion            |       |       |     2 |     3 |     1 |     3 |       |     6 ||    15
 Stab: Distracted        |       |     2 |       |     2 |     2 |       |       |       ||     6
       Paralysed         |       |       |     1 |     3 |     7 |    23 |    19 |     2 ||    55
       Invisible         |       |       |     1 |     3 |     2 |     9 |     4 |       ||    19
       Petrifying        |       |       |       |       |       |     2 |       |       ||     2
Armor: Scale mail        |    52 |    90 |    22 |       |       |       |       |       ||   164
       Chain mail        |       |       |   232 |   166 |   134 |       |       |       ||   532
       Plate armour      |       |       |       |       |     8 |   517 |   265 |    53 ||   843
Dodge: Dodged            |    42 |   109 |   156 |    65 |   106 |   239 |   118 |    43 ||   878
Block: Kite shield       |    19 |       |       |   178 |   272 |   664 |   363 |    84 ||  1580

Table legend: (Time is in decaauts)
 A = Elapsed time spent in this place.
 B = Non-inter-level travel time spent in this place.
 C = Inter-level travel time spent in this place.
 D = Time resting spent in this place.
 E = Time spent auto-exploring this place.
 F = Levels seen in this place.
 G = Mean time per level.
                   A        B        C        D        E       F      G
               +--------+--------+--------+--------+--------+-----+--------+
         Total |  58197 |  54072 |   4125 |  18523 |  24696 |  37 | 1572.9 |
       Dungeon |  19979 |  17258 |   2721 |   5261 |   8746 |  15 | 1331.9 |
          Lair |   9675 |   9186 |    489 |   2588 |   4614 |   6 | 1612.5 |
        Shoals |   3909 |   3673 |    236 |   1080 |   1747 |   4 |  977.2 |
   Spider Nest |   6895 |   6694 |    201 |   2498 |   2941 |   4 | 1723.8 |
  Orcish Mines |   2977 |   2830 |    147 |   1382 |    926 |   2 | 1488.5 |
        Vaults |  11875 |  11546 |    329 |   4746 |   4713 |   4 | 2968.8 |
         Sewer |    746 |    746 |      0 |    304 |    215 |   1 |  746.0 |
    Desolation |   2139 |   2139 |      0 |    660 |    792 |   1 | 2139.0 |
               +--------+--------+--------+--------+--------+-----+--------+

Top non-repeatable levels by time:
Vaults:3: 3681 daAuts
Vaults:2: 2970 daAuts
Spider:3: 2883 daAuts
Vaults:1: 2803 daAuts
  Lair:6: 2555 daAuts
Vaults:4: 2419 daAuts
Desolation: 2139 daAuts
     D:4: 1855 daAuts
    D:14: 1853 daAuts
     D:2: 1730 daAuts
Shoals:3: 1674 daAuts
   Orc:1: 1632 daAuts
     D:9: 1611 daAuts
     D:5: 1568 daAuts
  Lair:2: 1564 daAuts
